 Dungeon Crawl Stone Soup version 0.23-a0-4-g8f018a2 (webtiles) character file.

182 MatthieuS the Insei (level 5, -3/41 HPs)
             Began as a Demonspawn Artificer on July 31, 2018.
             Was an Initiate of Ru.
             Slain by a worker ant (6 damage)
             ... on level 4 of the Dungeon.
             The game lasted 00:07:42 (3385 turns).

MatthieuS the Insei (Demonspawn Artificer)          Turns: 3385, Time: 00:07:42

Health: -3/41      AC:  5    Str: 13    XL:     5   Next: 35%
Magic:  7/7        EV: 11    Int: 12    God:    Ru [......]
Gold:   213        SH:  0    Dex: 18    Spells: 4/4 levels left

rFire    . . .     SeeInvis .     - Unarmed
rCold    . . .     Gourm    .   (no shield)
rNeg     . . .     Faith    .   c - +0 ring mail
rPois    .         Spirit   .   (helmet restricted)
rElec    .         Reflect  .   (no cloak)
rCorr    .         Harm     .   (no gloves)
MR       .....                  (no boots)
Stlth    ++........             (no amulet)
HPRegen  0.13/turn              (no ring)
MPRegen  0.10/turn              (no ring)

@: lethally poisoned (-3 -> -13)
A: antennae 1, thin skeletal structure 2
a: Renounce Religion


You were on level 4 of the Dungeon.
You worshipped Ru.
Ru was noncommittal.
You were very hungry.

You visited 1 branch of the dungeon, and saw 4 of its levels.

You collected 213 gold pieces.

Inventory:

Missiles
 h - 33 poisoned needles
Armour
 b - a +0 leather armour
 c - a +0 ring mail (worn)
   (You took it off a goblin on level 1 of the Dungeon)
 i - a +0 plate armour
   (You found it on level 2 of the Dungeon)
 w - a +0 chain mail
   (You found it on level 3 of the Dungeon)
Jewellery
 g - an uncursed ring of positive energy {unknown}
   (You found it on level 1 of the Dungeon)
 u - an uncursed ring of fire {unknown}
   (You found it on level 3 of the Dungeon)
Wands
 d - a wand of enslavement (13)
 f - a wand of random effects (15)
 v - a wand of digging (11)
   (You took it off Jessica on level 1 of the Dungeon)
Scrolls
 k - 2 scrolls of enchant weapon {unknown}
 o - 2 scrolls of identify {unknown}
 p - 2 scrolls of remove curse {unknown}
 r - a scroll of blinking {unknown}
 t - a scroll of random uselessness {unknown}
Potions
 a - a potion of haste {unknown}
 j - a potion of agility {unknown}
 l - a potion of ambrosia {unknown}
 n - a potion of degeneration {unknown}
 q - 2 potions of flight {unknown}
 s - a potion of curing {unknown}
Comestibles
 e - 8 rations


   Skills:
 + Level 3.0 Fighting
   Level 0.8 Short Blades
 - Level 1.7 Dodging
 - Level 0.8 Stealth
 * Level 3.7 Unarmed Combat
 - Level 3.0 Evocations


You had 4 spell levels left.
You didn't know any spells.
Your spell library was empty.

Dungeon Overview and Level Annotations

Branches:
Dungeon (4/15)
 Temple: D:4-7

Altars:
Ashenzari
Kikubaaqudgha
Ru
Sif Muna


Innate Abilities, Weirdness & Mutations

You have a pair of small antennae on your head.
You have a moderately thin skeletal structure. (Dex +4, Stealth+)


Message History

You hit the orc. The orc hits you with a flail.
You closely miss the orc. You hit the orc.
You kill the orc!
There is a stone staircase leading down here.
Things that are here:
a flail; a dagger; a robe There isn't anything to butcher here.
You climb downwards.
There is a stone staircase leading up, spattered with blood here.
You now have 213 gold pieces (gained 16).
As you open the door, it creaks loudly!
Found a scroll labeled ASOMAENAUMM and a ring mail.
A worker ant comes into view.
Found a scroll labeled ASOMAENAUMM.
Found an escape hatch in the floor.
There is an open door here.
Found a ration.
The worker ant completely misses you.
You see here a scroll labeled ASOMAENAUMM.
You hit the worker ant but do no damage.
The worker ant bites you.
You hit the worker ant but do no damage.
The worker ant closely misses you.
You hit the worker ant. The worker ant bites you.
You hit the worker ant. The worker ant misses you.
You barely miss the worker ant. The worker ant bites you.
You are poisoned.
The worker ant poisons you!
You closely miss the worker ant.
You feel sick. The worker ant barely misses you.
You closely miss the worker ant.
You feel sick. The worker ant bites you!
* * * LOW HITPOINT WARNING * * *
The worker ant bites you.
* * * LOW HITPOINT WARNING * * *
You are lethally poisoned!
The worker ant poisons you!
You hit the worker ant but do no damage.
* * * LOW HITPOINT WARNING * * *
You feel sick. The worker ant misses you.
You hit the worker ant.
* * * LOW HITPOINT WARNING * * *
You feel sick. The worker ant bites you!
* * * LOW HITPOINT WARNING * * *
You hit the worker ant.
* * * LOW HITPOINT WARNING * * *
You feel sick. The worker ant barely misses you.
You closely miss the worker ant.
* * * LOW HITPOINT WARNING * * *
You feel sick. The worker ant bites you.
You die...

#. . ...# #.####.
.....# #....?.
#.....# #.....#
#.....# #.....#
#..)..#
#.....######.....#
#.....'..........#
##....###........#
#..@.# #........#
#.[.a# #...<....#
........##........#
......>...##........#
.%........##........#
..........###########
..........#
..........#


You could see a worker ant.

Vanquished Creatures
  Jessica (D:1)
  3 gnolls (D:3)
  2 adders
  2 oozes (D:1)
  A worm (D:3)
  2 leopard geckos
  3 orcs
  5 bats
  2 giant cockroaches (D:1)
  10 goblins
  5 hobgoblins
  A jackal (D:2)
  2 ball pythons
  3 frilled lizards
  9 kobolds
  6 rats
57 creatures vanquished.

Vanquished Creatures (collateral kills)
  An orc wizard (D:3)
1 creature vanquished.

Grand Total: 58 creatures vanquished

Notes
Turn   | Place    | Note
-------+----------+-------------------------------------------
     0 | D:1      | MatthieuS the Demonspawn Artificer began the quest for the Orb.
     0 | D:1      | Reached XP level 1. HP: 15/15 MP: 3/3
   280 | D:1      | Reached skill level 1 in Unarmed Combat
   299 | D:1      | Gained mutation: You have a pair of small antennae on your head. [demonic ancestry]
   299 | D:1      | Reached XP level 2. HP: 4/21 MP: 4/4
  1226 | D:1      | Gained mutation: You have a somewhat thin skeletal structure. (Dex +2, Stealth) [demonic ancestry]
  1226 | D:1      | Reached XP level 3. HP: 26/27 MP: 5/5
  1483 | D:2      | Noticed Jessica
  1509 | D:1      | Killed Jessica
  1509 | D:1      | Gained mutation: You have a moderately thin skeletal structure. (Dex +4, Stealth+) [demonic ancestry]
  1509 | D:1      | Reached XP level 4. HP: 21/33 MP: 6/6
  1706 | D:2      | Found an ancient bone altar of Kikubaaqudgha.
  1832 | D:2      | Found a sacrificial altar of Ru.
  1840 | D:2      | Became a worshipper of Ru the Awakened
  2263 | D:3      | Found a shattered altar of Ashenzari.
  2992 | D:3      | Reached XP level 5. HP: 40/40 MP: 7/7
  3207 | D:3      | Found a deep blue altar of Sif Muna.
  3385 | D:4      | Slain by a worker ant

Vault maps used:
D:1:      ebering_trefoil_twist
D:2:      old_standard_altar, overflow_temple_1_default, corexii_shack,
          st_stairs_8, uniq_jessica
D:3:      nicolae_ashenzari_panopticon, first_ration, led_sif_pool
D:4:      tgw_trog, uniq_sigmund

Skill      XL: |  1  2  3  4  5 |
---------------+----------------+-----
Unarmed Combat | 1 2 3 |  3.7
Fighting       | 2 3 |  3.0
Short Blades   | |  0.8
Dodging        | |  1.7
Stealth        | |  0.8
Evocations     | |  3.0

Action                   |  1- 3 |  4- 6 || total
-------------------------+-------+-------++-------
Melee: Unarmed           |   170 |   154 ||   324
       Punch             |       |     1 ||     1
Evoke: Wand              |    15 |     2 ||    17
  Use: Potion            |       |     1 ||     1
 Stab: Sleeping          |     1 |     6 ||     7
  Eat: Chunk             |     2 |     5 ||     7
Armor: Leather armour    |    10 |       ||    10
       Ring mail         |    46 |    20 ||    66
       Plate armour      |       |     3 ||     3
Dodge: Dodged            |   137 |    72 ||   209

Table legend:
 A = Spawn XP
 B = Non-spawn XP
 C = Spawn XP percentage of total XP
 D = Spawn monster count
 E = Non-spawn monster count
 F = Spawn count percentage of total count
 G = Total turns spent on level
                    A         B        C        D         E        F      G
               +---------+---------+-------+---------+---------+-------+---------
         Total |       0 |     261 |   0.0 |       0 |      58 |   0.0 |  3385
               +---------+---------+-------+---------+---------+-------+---------
           D:1 |       0 |      96 |   0.0 |       0 |      29 |   0.0 |  1567
           D:2 |       0 |      25 |   0.0 |       0 |      10 |   0.0 |   627
           D:3 |       0 |     140 |   0.0 |       0 |      19 |   0.0 |  1159
               +---------+---------+-------+---------+---------+-------+---------
